Unix NetHack Version 5.0.0-0 post-release - last build May  4 2026 22:22:43 (774f63e81ad911689b3a0859ea89b322d5daca8d,branch:main).

Game began 2026-05-05 05:23:24, ended 2026-05-05 10:29:33.

2459783kj, lawful female dwarven Valkyrie

         ----
         |..-------                      ---- ---------        --
        --........--              ----  --..---.......---------.|
       --..------..|              |..|  |........----.........*.|
       |..-|    |f.---   ----     |.^|  --..------ --.----.....--          --
       --..|    |.@r@--- |..-- ----..|   --..|  ----..| |.....---          .|
       --.--    ----...---...---.....|   --..|  |....-- |.......|----    -..--
       |..|        ---.............|.|   |...|  |....----..-.--.|.|.-----....|
     ---.--          ----....----..|.|   --.-- --...........................-
     -..^-              --.---  ---|.|  ---.|  |....*.-...-----..%..--.>....|
  -.......|              ---       |.----...|  --.........|------#...##-..---
|.........-                        |......---   --........--.---##....#----
|..........                        --..----      |..............##....#    --
----.......                         |..|         --..............#-...--  -.--
   --.......                        |..|          |..............##....---...|
    --.......                       |.--          ---........................--
     ----.....                      |.--            --........................|
         --...                     --..|             |..*....|.|..|.--.....| --
           -..-                    |<.--             ----...------##----.*--
            ..|                    |..|                 -----          ----
            ---                    ----
2459783kj the Skirmisher    St:17 Dx:14 Co:20 In:8 Wi:9 Ch:8  Lawful
Dlvl:4  $:1  HP:0(53) Pw:8(8) AC:6  Xp:4 T:1675  Deaf

Latest messages:
 The wererat bites!
 You miss the wererat.
 The wererat bites!
 You hit the wererat!
 The wererat summons help!
 A sewer rat suddenly appears next to you!
 A sewer rat suddenly appears next to you!
 A sewer rat suddenly appears close by!
 A sewer rat suddenly appears close by!
 The wererat bites!
 Are you sure you want to pray? [yn] (n) y
 You begin praying to Tyr.
 You are surrounded by a shimmering light.
 The sewer rat starts to attack you, but pulls back.
 The sewer rat starts to attack you, but pulls back.
 The wererat starts to attack you, but pulls back.
 The sewer rat starts to attack you, but pulls back.
 The sewer rat starts to attack you, but pulls back.
 The wererat starts to attack you, but pulls back.
 The sewer rat starts to attack you, but pulls back.
 The sewer rat starts to attack you, but pulls back.
 The wererat starts to attack you, but pulls back.
 You finish your prayer.
 You feel that Tyr is well-pleased.
 You kill the sewer rat!
 The sewer rat bites!
 The wererat bites!
 You feel feverish.
 You kill the sewer rat!
 The sewer rat misses!
 The wererat misses!
 The wererat changes into a human.
 The sewer rat bites!
 The wererat hits!
 The sewer rat bites!
 The sewer rat bites!
 The sewer rat bites!
 The sewer rat bites!
 The sewer rat bites!
 You miss the sewer rat.
 The sewer rat bites!
 You kill the sewer rat!
 You miss the sewer rat.
 The sewer rat bites!
 You die...
 Do you want your possessions identified? [ynq] (y) n
 Do you want to see your attributes? [ynq] (y) n
 Do you want an account of creatures vanquished? [ynaq] (y) n
 Do you want to see your conduct and achievements? [ynq] (y) n
 Do you want to see the dungeon overview? [ynq] (y) n

Inventory:
 Coins    ('$')
  $ - a gold piece
 Weapons  (')')
  E - 6 +0 silver arrows
  A - a +0 dart
  b - a +0 dagger (alternate weapon; not wielded)
  a - a +1 dwarvish spear (weapon in right hand)
  t - a +0 orcish dagger
 Armor    ('[')
  u - a blessed +0 orcish helm
  j - an uncursed +0 orcish helm
  c - an uncursed +3 small shield (being worn)
  o - an uncursed +0 elven mithril-coat
  y - an uncursed +0 elven mithril-coat
 Comestibles  ('%')
  d - 2 uncursed food rations
 Scrolls  ('?')
  i - an uncursed scroll of enchant weapon
  e - an uncursed scroll of scare monster
 Potions  ('!')
  f - a cursed potion of healing
  D - an uncursed potion of polymorph
  r - a potion of unholy water
 Wands    ('/')
  k - a wand of fire (0:4)
 Tools    ('(')
  G - a magic marker (0:97)
  C - an uncursed skeleton key
  p - a tinning kit (0:69)
 Gems/Stones  ('*')
  q - 2 uncursed amethyst stones
  n - an uncursed worthless piece of orange glass
  h - an uncursed worthless piece of red glass
  B - a cursed worthless piece of white glass
  l - a cursed worthless piece of yellowish brown glass

2459783kj the Valkyrie's attributes:

Background:
 You were a Skirmisher, a level 4 dwarven Valkyrie.
 You were lawful, on a mission for Tyr
 who was opposed by Odin (neutral) and Loki (chaotic).
 You were right-handed.
 You were in the Gnomish Mines, on level 4.
 You entered the dungeon 1675 turns ago.
 You had 88 experience points, 72 more were needed to attain level 5.

Basics:
 You had 0 out of 53 hit points.
 You had all 8 energy points (spell power).
 Your armor class was 6.
 Your wallet contained 1 zorkmid.
 Autopickup was off.

Final Characteristics:
 Your strength was 17 (limit:18/100).
 Your dexterity was 14 (limit:20).
 Your constitution was 20 (limit:20).
 Your intelligence was 8 (limit:16).
 Your wisdom was 9 (limit:16).
 Your charisma was 8 (limit:16).

Final Status:
 You were deaf.
 You weren't hungry.
 You were unencumbered.
 You were wielding a spear.
 You had basic skill with spear.

Final Attributes:
 You were devoutly aligned.
 You were cold resistant.
 You were level-drain resistant.
 You had infravision.
 You were stealthy.
 You were a wererat.
 You were harmed by silver.
 You are dead.

Miscellaneous:
 You didn't encounter any bones levels.
 Total elapsed playing time was 36 minutes and 29 seconds.

Major events:
 Turn
    1: 2459783kj the lawful dwarven Valkyrie entered the dungeon
  808: attained the rank of Skirmisher (level 3)
 1157: entered the Gnomish Mines
 1675: killed by a sewer rat

You didn't know any spells.

Skills:
 Fighting Skills
   bare handed combat [Unskilled]
   two weapon combat  [Unskilled]
   riding             [Unskilled]
 Weapon Skills
   dagger             [Basic]
   axe                [Unskilled]
   pick-axe           [Unskilled]
   short sword        [Unskilled]
   broadsword         [Unskilled]
   long sword         [Unskilled]
   two-handed sword   [Unskilled]
   saber              [Unskilled]
   hammer             [Unskilled]
   quarterstaff       [Unskilled]
   polearms           [Unskilled]
   spear              [Basic]
   trident            [Unskilled]
   lance              [Unskilled]
   sling              [Unskilled]
 Spellcasting Skills
   attack spells      [Unskilled]
   escape spells      [Unskilled]

Voluntary challenges:
 Character rerolling was not enabled.
 You were vegetarian.
 You were illiterate.
 You never genocided any monsters.
 You never polymorphed an object.
 You never changed form.
 You used no wishes.
Achievements:
 You attained the rank of Skirmisher.
 You entered a shop.
 You entered the Gnomish Mines.

 The Dungeons of Doom: levels 1 to 2
    Level 1:
       An altar, a fountain.
    Level 2:
       A vegetarian food shop, some fountains, a grave.
       Stairs down to The Gnomish Mines.
 The Gnomish Mines: levels 3 to 5
    Level 3:
    Level 4: <- You were here.
       Final resting place for
          you, killed by a sewer rat.
    Level 5:


Vanquished creatures:
  a shrieker
 an iguana
  2 coyotes
  3 giant rats
  a brown mold
  3 green molds
  a red mold
  2 geckos
  2 goblins
  3 sewer rats
  4 grid bugs
  5 lichens
  a kobold zombie
  a newt
30 creatures vanquished.

No species were genocided or became extinct.

Game over:
                       ----------
                      /          \
                     /    REST    \
                    /      IN      \
                   /     PEACE      \
                  /                  \
                  |    2459783kj     |
                  |       1 Au       |
                  |   killed by a    |
                  |    sewer rat     |
                  |                  |
                  |                  |
                  |       2026       |
                 *|     *  *  *      | *
        _________)/\\_//(\/(/\)/\//\/|_)_______

Farvel 2459783kj the Valkyrie...

You died in The Gnomish Mines on dungeon level 4 with 553 points,
and 1 piece of gold, after 1675 moves.
You were level 4 with a maximum of 53 hit points when you died.

